 Dungeon Crawl Stone Soup version 0.20-a0-738-gb057e68 (webtiles) character file.

47 Alarkh the Slasher (level 3, -10/29 HPs)
             Began as a Demonspawn Monk on Feb 23, 2017.
             Mangled by an orc
             ... wielding a +0 trident
              (12 damage)
             ... while paralysed
             ... on level 4 of the Dungeon.
             The game lasted 00:01:53 (2089 turns).

Alarkh the Slasher (Demonspawn Monk)                Turns: 2089, Time: 00:01:54

Health: -10/29     AC: -1    Str: 11    XL:     3   Next: 48%
Magic:  3/3        EV:  2    Int: 12    God:
Gold:   135        SH:  0    Dex: 15    Spells: 2/2 levels left

rFire    . . .     SeeInvis .   a - +0 falchion
rCold    + . .     Gourm    .   b - +0 robe
rNeg     . . .     Faith    .   (no shield)
rPois    .         Spirit   .   (helmet restricted)
rElec    .         Reflect  .   (no cloak)
rCorr    .         Harm     .   (no gloves)
MR       .....                  (no boots)
Stlth    ++........             o - amulet of magic regeneration
Regen    0.1/turn               f - ring of protection from cold
MPRegen  0.2/turn               e - -3 ring of protection (curse)

@: paralysed, exhausted, slowed
A: horns 1
a: no special abilities


You were on level 4 of the Dungeon.
You were hungry.

You visited 1 branch of the dungeon, and saw 4 of its levels.

You collected 135 gold pieces.

Inventory:

Hand Weapons
 a - a +0 falchion (weapon)
Armour
 b - a +0 robe (worn)
Jewellery
 e - a cursed -3 ring of protection (left hand)
 f - a ring of protection from cold (right hand)
 o - an amulet of magic regeneration (around neck)
Scrolls
 g - a scroll of amnesia {unknown}
 k - a scroll of blinking {unknown}
 l - a scroll of random uselessness {unknown}
 n - a scroll of remove curse {unknown}
Potions
 j - a potion of mutation {unknown}
 m - a potion of brilliance {unknown}
Comestibles
 c - 3 bread rations
 d - a meat ration
 h - 2 royal jellies


   Skills:
 + Level 3.5 Fighting
 * Level 3.5 Long Blades
 + Level 3.0 Dodging
 - Level 1.7 Stealth


You had 2 spell levels left.
You didn't know any spells.

Dungeon Overview and Level Annotations

Branches:
Dungeon (3/15)

Altars:
Xom


Innate Abilities, Weirdness & Mutations

You have a pair of small horns on your head.


Message History

Beogh smites you!
It was a potion of berserk rage.
A red film seems to cover your vision as you go berserk!
You feel yourself moving faster!
You feel mighty!
You feel a strong urge to attack something.
An orc comes into view. It is wielding a trident.
The orc shouts! x2
You feel your anger subside.
An orc comes into view.
The orc shouts!
You are no longer berserk.
You pass out from exhaustion.
You feel yourself slow down. The orc priest hits you.
The orc priest hits you. x2
* * * LOW HITPOINT WARNING * * *
The orc hits you from afar with a trident.
* * * LOW HITPOINT WARNING * * *
The orc priest looks braver for a moment.
The orc hits you from afar with a trident!
You die...

#.....# #.....
..... .... #..#
#oo# #oo# ##
#@.# ... #..#
..########..###
...##.......#
#.##.......#
####..........#
#.......###..##
#.#####..###.#
.. ##...#.##


You could see an orc priest and 3 orcs.

Vanquished Creatures
  2 worms
  A dart slug (D:2)
  A ball python (D:1)
  8 bats
  2 giant cockroaches
  4 goblins
  5 hobgoblins
  4 kobolds
  A quokka (D:2)
  3 frilled lizards
  6 rats
37 creatures vanquished.

Notes
Turn   | Place    | Note
-------+----------+-------------------------------------------
     0 | D:1      | Alarkh the Demonspawn Monk began the quest for the Orb.
     0 | D:1      | Reached XP level 1. HP: 18/18 MP: 1/1
   515 | D:1      | Gained mutation: You have a pair of small horns on your head. [demonic ancestry]
   515 | D:1      | Reached XP level 2. HP: 22/24 MP: 2/2
   869 | D:2      | Found a shimmering altar of Xom.
   870 | D:2      | Found a shimmering altar of Xom.
  1156 | D:3      | Reached XP level 3. HP: 17/29 MP: 3/3
  1300 | D:2      | Found a shimmering altar of Xom.
  1304 | D:2      | Found a shimmering altar of Xom.
  2054 | D:2      | You fall through a shaft for 2 floors!
  2088 | D:4      | HP: 1/29 [orc/trident (3)]
  2089 | D:4      | Mangled by an orc

Vault maps used:
D:1:      lemuel_arrival_hallway
D:2:      xom_redecorated
D:3:      nicolae_ru_great_annihilating_truth, first_bread
D:4:      overflow_temple_1_default, lemuel_doored_altar

Skill      XL: |  1  2  3 |
---------------+----------+-----
Long Blades    | 3 |  3.5
Dodging        | 3 |  3.0
Fighting       | |  3.5
Stealth        | |  1.7

Action                   || total
-------------------------++-------
Melee: Falchion          ||    98
       Headbutt          ||    14
  Use: Potion            ||     1
 Stab: Sleeping          ||     6
  Eat: Chunk             ||     3
Armor: Robe              ||     5
Dodge: Dodged            ||    68
       Rpst.: Falchion   ||    27
